 Dungeon Crawl Stone Soup version 0.19.5 (webtiles) character file.

106 greprep the Sneak (level 4, 0/21 HPs)
             Began as a Spriggan Enchanter on May 4, 2017.
             Slain by a gnoll
             ... wielding a +0 halberd
              (9 damage)
             ... on level 2 of the Dungeon.
             The game lasted 00:08:15 (1962 turns).

greprep the Sneak (Spriggan Enchanter)              Turns: 1962, Time: 00:08:16

Health: 0/21       AC:  4    Str:  5    XL:     4   Next: 55%
Magic:  6/10       EV: 22    Int: 16    God:
Gold:   38         SH:  5    Dex: 16    Spells: 2 memorised, 7 levels left

rFire  . . .     SeeInvis +     a - +1 dagger
rCold  . . .     Gourm    .     b - +2 robe
rNeg   . . .     Faith    .     f - +0 buckler (curse)
rPois  .         Spirit   .     (helmet restricted)
rElec  .         Reflect  .     (no cloak)
rCorr  .         Harm     .     (gloves unavailable)
MR     .....                    (boots unavailable)
Stlth  ++........               (no amulet)
                                i - +4 ring of evasion
                                g - ring of loudness (curse)

@: very slightly contaminated, very quick
A: unfitting armour, see invisible, herbivore 3, speed 3, slow metabolism 2
a: no special abilities


You were on level 2 of the Dungeon.
You were hungry.

You visited 1 branch of the dungeon, and saw 2 of its levels.

You collected 38 gold pieces.

Inventory:

Hand Weapons
 a - a +1 dagger (weapon)
Armour
 b - a +2 robe (worn)
 f - a cursed +0 buckler (worn)
Jewellery
 g - a cursed ring of loudness (left hand)
 i - a +4 ring of evasion (right hand)
Wands
 l - a wand of digging (12/24)
Scrolls
 j - a scroll of magic mapping
Potions
 e - a potion of heal wounds {unknown}
 h - 2 potions of curing {unknown}
 k - a potion of cancellation {unknown}
Books
 c - a book of Maledictions

   Spells                             Type                      Level
   a - Corona                         Hexes                        1
   b - Ensorcelled Hibernation        Hexes/Ice                    2
   c - Confuse                        Hexes                        3
   d - Tukima's Dance                 Hexes                        3
   e - Dazzling Spray                 Conjuration/Hexes            3
Comestibles
 d - a bread ration


   Skills:
 + Level 1.8 Short Blades
 + Level 3.5 Dodging
 + Level 5.3 Stealth
 + Level 0.4 Shields
 + Level 3.6 Spellcasting
 + Level 4.3 Hexes
 + Level 0.8 Ice Magic


You had 7 spell levels left.
You knew the following spells:

 Your Spells              Type           Power        Failure   Level  Hunger
a - Corona                Hex            ###....      6%          1    None
b - Ensorcelled Hibernat  Hex/Ice        ##....       14%         2    ##.....


Dungeon Overview and Level Annotations

Branches:
Dungeon (2/15)

Altars:
Yredelemnul


Innate Abilities, Weirdness & Mutations

You are very small and have problems with some larger weapons.
You are too small for most types of armour.
You have supernaturally acute eyesight. (SInv)
You are a herbivore.
You cover ground extremely quickly.
You need consume almost no food.


Message History

Casting: Ensorcelled Hibernation
Confirm with . or Enter, or press ? or * to list all spells.
Aiming: Ensorcelled Hibernation
Press: ? - help, Shift-Dir - straight line, f - gnoll
Aim: a gnoll, wielding a spear (chance to defeat MR: 50%)
The gnoll looks drowsy...
The gnoll shouts!
You hit the gnoll.
The gnoll is moderately wounded.
The gnoll hits you with a spear. The gnoll closely misses you.
Casting: Ensorcelled Hibernation
Confirm with . or Enter, or press ? or * to list all spells.
Aiming: Ensorcelled Hibernation
Press: ? - help, Shift-Dir - straight line, f - gnoll, p - gnoll
Aim: a gnoll, wielding a halberd (chance to defeat MR: 50%)
You miscast Ensorcelled Hibernation.
You are very lightly contaminated with residual magic.
Your skin tingles.
The gnoll hits you with a spear.
The gnoll hits you from afar with a halberd!
You die...

# #...###########.## ######
#######.## #...# .....# #.......#
###..†### .###.####.###.###
#######.......#
.##............####......[......#
.##.................#####.......#
.##..#.##.##....g...gg........###
.......##.##....g##########g..#
......>##.##....@# #######..##
###..#.##.#......####........#
..........#.#....##...)...#..###
###..#.####...#..##...8...#g...#
..)..#.####...#..##..8.8..#g##.#
...........#..#..##.8._.8.#g# .#
###.##.####.. .......8.8.(#†# # #
#.# .# #. #.......8..)..# # #.. .
..###.....g..##


You could see 2 gnolls.

Vanquished Creatures
  Ijyb (D:2)
  A gnoll (D:2)
  3 adders (D:2)
  2 dart slugs
  2 leopard geckos (D:1)
  A ball python (D:1)
  8 bats
  2 giant cockroaches (D:1)
  9 hobgoblins
  2 kobolds
  2 frilled lizards
  3 goblins (D:1)
  4 rats
40 creatures vanquished.

Notes
Turn   | Place    | Note
-------+----------+-------------------------------------------
     0 | D:1      | greprep the Spriggan Enchanter began the quest for the Orb.
     0 | D:1      | Reached XP level 1. HP: 9/9 MP: 5/5
   378 | D:1      | Reached XP level 2. HP: 13/13 MP: 6/6
   382 | D:1      | Learned a level 2 spell: Ensorcelled Hibernation
  1194 | D:1      | Reached XP level 3. HP: 11/16 MP: 0/8
  1358 | D:2      | Reached skill level 5 in Stealth
  1455 | D:2      | Noticed Ijyb
  1456 | D:2      | Found a basalt altar of Yredelemnul.
  1705 | D:2      | Killed Ijyb
  1705 | D:2      | Reached XP level 4. HP: 20/21 MP: 1/10
  1904 | D:2      | Found a faded altar of an unknown god.
  1962 | D:2      | Slain by a gnoll

Skill      XL: |  1  2  3 |
---------------+----------+-----
Hexes          | 4 |  4.3
Spellcasting   | 3 |  3.6
Stealth        | 5 |  5.3
Short Blades   | |  1.8
Dodging        | |  3.5
Shields        | |  0.4
Ice Magic      | |  0.8

Action                   |  1- 3 |  4- 6 || total
-------------------------+-------+-------++-------
Melee: Dagger            |   117 |     8 ||   125
 Cast: Ensorcelled Hiber |    25 |     3 ||    28
  Use: Scroll            |     4 |       ||     4
 Stab: Sleeping          |    18 |     5 ||    23
Armor: Robe              |    18 |     2 ||    20
Dodge: Dodged            |   103 |     6 ||   109
Block: Buckler           |    31 |       ||    31
